 Dungeon Crawl Stone Soup version 0.31-a0-182-gc5ef74bbde (webtiles) character file.

Game seed: 17624383048264766565

121 qw the Chopper (level 5, 0/32 HPs)
             Began as a Gargoyle Fighter on June 20, 2023.
             Slain by a cerulean imp
             ... wielding a +0 spear
             ... summoned by Natasha
              (4 damage)
             ... on level 2 of the Dungeon.
             The game lasted 00:00:53 (1485 turns).

qw the Chopper (Gargoyle Fighter)                   Turns: 1485, Time: 00:00:54

Health: 0/32       AC: 12    Str: 22    XL:     5   Next: 5%
Magic:  5/5        EV:  9    Int:  8    God:
Gold:   127        SH:  4    Dex:  9    Spells: 4/4 levels left

rFire   . . .        Y - +0 war axe
rCold   . . .        c - +0 buckler
rNeg    + . .        b - +0 scale mail
rPois   inf          (no helmet)
rElec   +            (no cloak)
rCorr   .            i - +0 pair of gloves
SInv    .            (no boots)
Will    .....        (no amulet) Stlth
                     (no ring)
HPRegen 0.25/turn    (no ring)
MPRegen 0.09/turn

%: no passive effects
@: slowed, very slow
A: sickness immunity, AC +4, negative energy resistance 1, electricity
resistance, torment resistance 1, petrification resistance
a: no special abilities


You were on level 2 of the Dungeon.
You visited 1 branch of the dungeon, and saw 2 of its levels.

You collected 127 gold pieces.


Innate Abilities, Weirdness & Mutations

You are immune to sickness and miasma.
Your stone body is resilient. (AC +4)
You are immune to poison.
You resist negative energy. (rN+)
You are resistant to electric shocks. (rElec)
You are resistant to unholy torment.
You are immune to petrification.


   Skills:
 - Level 3.2 Fighting
 + Level 4.6 Axes
 - Level 3.2 Armour
 - Level 3.2 Shields


You had 4 spell levels left.
You didn't know any spells.
Your spell library was empty.

Inventory:

Hand Weapons
 f - a +2 whip of holy wrath
 Y - a +0 war axe (weapon)
Armour
 b - a +0 scale mail (worn)
 c - a +0 buckler (worn)
 h - a +0 helmet
 i - a +0 pair of gloves (worn)
Scrolls
 a - a scroll of poison {unknown}
 e - a scroll of blinking {unknown}
Potions
 d - a potion of might
 g - a potion of curing {unknown}

Dungeon Overview and Level Annotations

Branches:
Dungeon (2/15)

Altars:

Annotations:
D:2 Natasha


Message History

You miss the cerulean imp. You block Natasha's attack.
The cerulean imp hits you but does no damage.
You barely miss Natasha.
Natasha is almost dead.
You closely miss the cerulean imp. Natasha casts a spell at you.
You feel yourself slow down.
The cerulean imp hits you but does no damage.
Natasha barely misses you.
You completely miss Natasha.
Natasha is almost dead.
You slash the cerulean imp!
The cerulean imp hits you but does no damage.
Natasha claws you but does no damage. The cerulean imp barely misses you.
You barely miss Natasha.
Natasha is almost dead.
You barely miss the cerulean imp.
Natasha stares at you and mumbles some strange words.
The magic dart hits you but does no damage.
The cerulean imp hits you but does no damage.
Natasha casts a spell at you. You resist with some effort.
The cerulean imp hits you with a +1 spear.
You closely miss Natasha.
Natasha is almost dead.
You closely miss the cerulean imp.
Natasha casts a spell.
You block the cerulean imp's attack.
Natasha wildly gestures.
Natasha glows brightly for a moment.
Natasha casts a spell.
The cerulean imp hits you but does no damage.
You barely miss Natasha.
Natasha is almost dead.
You hit the cerulean imp but do no damage.
Natasha claws you.
The cerulean imp hits you with a +1 spear.
The cerulean imp hits you from afar with a +0 spear.
You die...

### . .......# #.# #
#......# #.# # # #......#
#.# ##.. # #......#
#.###...# # #......#
#.#...# # #......# ##)55#
# #......## #.h%## #
#.......## #.5@.##
#######.#..###))#..#
...####..#..##)%##.......
.....###.##.....# ..##.##
###...##.##.....# ...#
###..#.###.#..###....
#..#%....#...# ...##
#....##..#...##....
##.#..#.............


You could see Natasha and 3 cerulean imps.

Vanquished Creatures
  Natasha (twice) (D:2)
  Robin (D:2)
  An adder (D:1)
  A dart slug (D:1)
  3 ball pythons
  9 bats
  2 endoplasms
  12 goblins
  7 hobgoblins
  4 jackals (D:2)
  3 kobolds
  3 rats (D:1)
48 creatures vanquished.

Notes
Turn   | Place    | Note
-------+----------+-------------------------------------------
     0 | D:1      | qw the Gargoyle Fighter began the quest for the Orb.
     0 | D:1      | Reached XP level 1. HP: 14/14 MP: 1/1
     0 | D:1      | 0 ||| qw: Version: 0.3-a-9-g12657ce
     0 | D:1      | 0 ||| qw: Game counter: 1462
     0 | D:1      | 0 ||| qw: Always use a shield: true
     0 | D:1      | 0 ||| qw: God list: Okawaru
     0 | D:1      | 0 ||| qw: Allow faded altars: false
     0 | D:1      | 0 ||| qw: Do Orc after D:15 true
     0 | D:1      | 0 ||| qw: Do second Lair branch before Depths: true
     0 | D:1      | 0 ||| qw: Lair rune preference: random
     0 | D:1      | 0 ||| qw: Plans: Normal, Zot:1-4, Slime:5, God:TSO, Crypt,
                  | Tomb, Abyss, Pan, Hells, Win
     0 | D:1      | 0 ||| PLANNING D:1-11
   132 | D:1      | Reached skill level 2 in Axes
   138 | D:1      | 138 ||| DROPPING +0 club.
   295 | D:1      | 295 ||| FLEEEEING.
   296 | D:1      | 296 ||| FLEEEEING.
   297 | D:1      | 297 ||| FLEEEEING.
   298 | D:1      | 298 ||| FLEEEEING.
   299 | D:1      | 299 ||| FLEEEEING.
   304 | D:1      | 304 ||| Stepping ~*~*~tactically~*~*~ (hiding).
   315 | D:1      | Reached XP level 2. HP: 19/19 MP: 2/2
   828 | D:1      | Reached skill level 3 in Axes
   916 | D:1      | 916 ||| UPGRADING to +0 pair of gloves.
   921 | D:1      | 921 ||| READING scroll labelled HEYQEIFOIN.
   922 | D:1      | 922 ||| READING scroll labelled IDWITA HAPT.
   949 | D:2      | 949 ||| STAIRDANCE
   970 | D:1      | Reached XP level 3. HP: 22/23 MP: 3/3
  1012 | D:2      | Noticed Natasha
  1013 | D:2      | 1013 ||| FLEEEEING.
  1017 | D:2      | 1017 ||| FLEEEEING.
  1018 | D:2      | 1018 ||| FLEEEEING.
  1019 | D:2      | 1019 ||| FLEEEEING.
  1020 | D:2      | 1020 ||| FLEEEEING.
  1021 | D:2      | 1021 ||| FLEEEEING.
  1022 | D:2      | 1022 ||| STAIRDANCE
  1075 | D:2      | Killed Natasha
  1076 | D:2      | Reached XP level 4. HP: 8/28 MP: 4/4
  1086 | D:2      | 1086 ||| FLEEEEING.
  1088 | D:2      | 1088 ||| STAIRDANCE
  1268 | D:2      | 1268 ||| Stepping ~*~*~tactically~*~*~ (stealth).
  1292 | D:2      | Reached skill level 4 in Axes
  1316 | D:2      | Noticed Robin
  1317 | D:2      | 1317 ||| Stepping ~*~*~tactically~*~*~ (hiding).
  1318 | D:2      | 1318 ||| Stepping ~*~*~tactically~*~*~ (hiding).
  1320 | D:2      | 1320 ||| Stepping ~*~*~tactically~*~*~ (hiding).
  1322 | D:2      | 1322 ||| Stepping ~*~*~tactically~*~*~ (hiding).
  1332 | D:2      | Killed Robin
  1335 | D:2      | HP: 7/28 [goblin/+0 club[Robin] (5)]
  1348 | D:2      | HP: 5/28 [goblin/+0 club[Robin] (4)]
  1447 | D:2      | Noticed Natasha
  1448 | D:2      | 1448 ||| Stepping ~*~*~tactically~*~*~ (stealth).
  1465 | D:2      | HP: 7/28 [Natasha (6)]
  1466 | D:2      | Killed Natasha
  1467 | D:2      | Reached XP level 5. HP: 8/32 MP: 5/5
  1471 | D:2      | Noticed Natasha
  1472 | D:2      | 1472 ||| Stepping ~*~*~tactically~*~*~ (hiding).
  1473 | D:2      | 1473 ||| Stepping ~*~*~tactically~*~*~ (hiding).
  1475 | D:2      | 1475 ||| Stepping ~*~*~tactically~*~*~ (hiding).
  1485 | D:2      | HP: 8/32 [Natasha (3)]
  1485 | D:2      | Slain by a cerulean imp

Levels and vault maps discovered:
D:1:      noname_arrival_rooms_in_the_neighbourhood, layout_basic
D:2:      layout_rooms, uniq_natasha, uniq_robin

Skill      XL: |  1  2  3  4 |
---------------+-------------+-----
Axes           | 2 3 4 |  4.6
Fighting       | |  3.2
Armour         | |  3.2
Shields        | |  3.2

Action                     |  1- 3 |  4- 6 || total
---------------------------+-------+-------++-------
  Melee: War axe           |    88 |    80 ||   168
    Use: Scroll            |     2 |       ||     2
 Armour: Scale mail        |    53 |    50 ||   103
  Dodge: Dodged            |    58 |    46 ||   104
  Block: Buckler           |    18 |    24 ||    42

Table legend:
 A = Non-vault XP
 B = Vault XP
 C = Vault XP percentage of total XP
 D = Non-vault monster count
 E = Vault monster count
 F = Vault count percentage of total count
                 A         B        C        D         E       F
            +---------+---------+-------+---------+---------+-------
      Total |     103 |      71 |  40.8 |      36 |      12 |  25.0
            +---------+---------+-------+---------+---------+-------
        D:1 |      43 |       0 |   0.0 |      19 |       0 |   0.0
        D:2 |      60 |      71 |  54.2 |      17 |      12 |  41.4
            +---------+---------+-------+---------+---------+-------
